 Dungeon Crawl Stone Soup version 0.31-a0-1172-g9944ec47dd (webtiles) character file.

Game seed: 12409189397220124241

1911 Firecrotchwizard the Cleaver (level 9, -6/82 HPs)
             Began as a Hill Orc Cinder Acolyte on Dec 10, 2023.
             Was an Initiate of Beogh.
             Mangled by a fire elemental (8 damage)
             ... created by the fiery vengeance of Ignis
             ... on level 6 of the Dungeon.
             The game lasted 00:13:56 (6149 turns).

Firecrotchwizard the Cleaver (HOCA)                 Turns: 6149, Time: 00:13:57

Health: -6/82      AC: 12    Str: 21    XL:     9   Next: 16%
Magic:  10/10      EV: 11    Int: 14    God:    Beogh [......]
Gold:   257        SH:  3    Dex: 12    Spells: 10/10 levels left

rFire   . . .        h - +1 spear (venom)
rCold   . . .        r - +0 buckler
rNeg    . . .        f - +0 steam dragon scales
rPois   .            n - +0 helmet
rElec   .            (no cloak)
rCorr   .            (no gloves)
SInv    .            y - +1 pair of boots
Will    .....        l - amulet of regeneration
Stlth   +            j - +4 ring of protection
HPRegen 1.13/turn    x - +6 ring of dexterity
MPRegen 0.12/turn

%: no passive effects
@: about to teleport, fire susceptible
A: no striking features
a: Renounce Religion


You were on level 6 of the Dungeon.
You worshipped Beogh.
Beogh was noncommittal.
You visited 1 branch of the dungeon, and saw 6 of its levels.

You collected 427 gold pieces.
You spent 170 gold pieces at shops.

Inventory:

Hand Weapons
 a - a -1 hand axe of flaming
 h - a +1 spear of venom (weapon)
 s - the +7 sling "Goblinslayer" {heavy, rC+ Will- Int+2 Dex+7}
   (You found it on level 3 of the Dungeon)

   Int+2:     It affects your intelligence (+2).
   Dex+7:     It affects your dexterity (+7).
   rC+:       It protects you from cold.
   Will-:     It decreases your willpower.
Missiles
 k - 14 poisoned darts
Armour
 b - a +0 robe
 f - +0 steam dragon scales (worn)
 m - a +0 leather armour
 n - a +0 helmet (worn)
 r - a +0 buckler (worn)
 y - a +1 pair of boots (worn)
Jewellery
 j - a +4 ring of protection (left hand)
 l - an amulet of regeneration (around neck)
 x - a +6 ring of dexterity (right hand)
Wands
 d - a wand of polymorph (7)
Scrolls
 c - a scroll of summoning
 g - a scroll of blinking
 t - 6 scrolls of teleportation
 u - 2 scrolls of brand weapon
 A - a scroll of amnesia
 B - a scroll of enchant armour
Potions
 e - 2 potions of lignification {unknown}
 i - a potion of haste {unknown}
 o - a potion of magic {unknown}
 q - a potion of mutation
 v - a potion of attraction {unknown}
 w - 2 potions of heal wounds {unknown}
 z - a potion of berserk rage {unknown}


   Skills:
 + Level 8.8 Fighting
 * Level 12.8 Axes
 - Level 1.1 Spellcasting
 - Level 3.4 Fire Magic
 + Level 0.0 Invocations


You had 10 spell levels left.
You didn't know any spells.
Your spell library contained the following spells:

 Spells                   Type           Power      Damage    Failure   Level
 Scorch                   Fire           20%        2d5       12%         2
 Manifold Assault         Tloc           0%         N/A       97%         4
 Vhi's Electric Charge    Tloc/Air       0%         N/A       97%         4
 Arcjolt                  Conj/Air       0%         1d10      100%        5
 Dispersal                Tloc           0%         N/A       100%        6
 Disjunction              Tloc           0%         N/A       100%        8
 Maxwell's Capacitive Co  Air            0%         ∞         100%        8


Dungeon Overview and Level Annotations

Branches:
Dungeon (6/15)             Temple (0/1) D:6

Altars:
Gozag
Hepliaklqana
Kikubaaqudgha
Makhleb
Nemelex Xobeh
Ru
Xom
Yredelemnul

Shops:
D:2 ?   D:4 !   D:5 ?


Message History

Edmund is almost dead.
You hit Edmund.
You kill Edmund!
Beogh accepts your kill.
No target in view!
No target in view!
Things that are here:
a +8 heavy flail; a +0 scale mail
t - 7 scrolls of teleportation (gained 1)
e - 2 dark potions (gained 1)
Found 5 stones.
You cannot resist fire.
Your movement speed is average.
Your attack delay is about 0.8.
Your damage rating with your +1 spear of venom is about 10 (Base 6 x 127% (Str) x 129% (Skill) + 1 (Ench)).
Your base attributes are Str 21, Int 14, Dex 6.
You now have 225 gold pieces (gained 17).
A jelly comes into view.
The orc hits the jelly with a +0 short sword.
The orc is burned by acid!
The jelly quivers.
You hit the jelly.
The jelly is poisoned.
Your hands burn!
The jelly is heavily wounded.
The jelly hits you but does no damage.
You puncture the jelly!
Your hands burn!
The jelly is almost dead.
You kill the jelly!
Beogh accepts your kill.
No target in view!
No target in view!
No target in view!
Key pressed, stopping explore.
i - a coppery potion
Found a stone staircase leading up.
Found a flail.
Found a trident.
Found a staircase to the Ecumenical Temple.
You now have 242 gold pieces (gained 17).
You now have 257 gold pieces (gained 15).
You pick up a book of the Warp and begin reading...
You add the spells Manifold Assault, Dispersal and Disjunction to your library.
Found a stone staircase leading down.
There is a stone staircase leading down here.
Ignis calls forth spirits of fire to unmake you! 2 fire elementals come into view.
You barely miss the fire elemental. You puncture the fire elemental!
The fire elemental is moderately damaged.
Unknown command.
You barely miss the fire elemental.
The fire elemental is moderately damaged.
The fire elemental barely misses you. The fire elemental hits you.
The fire elemental burns you!
You hit the fire elemental.
The fire elemental is moderately damaged.
The fire elemental hits you. The fire elemental burns you!
You block the fire elemental's attack. The fire elemental misses you.
You hit the fire elemental.
The fire elemental is moderately damaged.
You block the fire elemental's attack. The fire elemental hits you.
The fire elemental burns you!
You miss the fire elemental.
The fire elemental is moderately damaged.
The fire elemental misses you. The fire elemental closely misses you.
You hit the fire elemental but do no damage.
The fire elemental is moderately damaged.
The fire elemental hits you. The fire elemental burns you!
You hit the fire elemental.
The fire elemental is heavily damaged.
The fire elemental closely misses you. The fire elemental hits you.
The fire elemental burns you!
You hit the fire elemental.
The fire elemental is heavily damaged.
The fire elemental hits you. The fire elemental burns you!
* * * LOW HITPOINT WARNING * * *
The fire elemental barely misses you. The fire elemental hits you.
The fire elemental burns you!
* * * LOW HITPOINT WARNING * * *
As you read the scroll of teleportation, it crumbles to dust.
You feel strangely unstable. The fire elemental hits you.
The fire elemental burns you!
* * * LOW HITPOINT WARNING * * *
The fire elemental hits you. The fire elemental burns you!
* * * LOW HITPOINT WARNING * * *
You feel better. The fire elemental hits you. The fire elemental burns you!
* * * LOW HITPOINT WARNING * * *
You block the fire elemental's attack.
Unknown command.
You feel better. The fire elemental misses you. x3
The fire elemental hits you. The fire elemental burns you!
* * * LOW HITPOINT WARNING * * *
Unknown command.
You hit the fire elemental but do no damage.
You block the fire elemental's attack. The fire elemental hits you.
* * * LOW HITPOINT WARNING * * *
The fire elemental burns you!
* * * LOW HITPOINT WARNING * * *
You hit the fire elemental.
The fire elemental is lightly damaged.
The fire elemental hits you. The fire elemental burns you!
You die...

### #### ###### ####.# #..# ##
##.##.# #.##.# ##.## .#
###.#.#E## ##.#.# ##..# .##
###..#....@# ##..###..###
..#####...#....#E# ##.........##
#...#....#.....##..##..#..#......
#.......#.....## #.......####....
#..##.........# #..###..## ##...
#..###........##.. # #..# ##..
##.# ##............ #..# ### #.#
##............##.## # #.#
##..####..........#


You could see 2 fire elementals.

Vanquished Creatures
  A kobold demonologist (D:5)
  A yak (D:5)
  Edmund (D:6)
  A steam dragon (D:3)
  An ogre (D:5)
  A centaur (D:5)
  A phantom (D:4)
  3 scorpions (D:5)
  A howler monkey (D:6)
  A jelly (D:6)
  2 hounds
  An iron imp (D:5)
  A gnoll bouda (D:5)
  7 iguanas
  4 sleepcaps (D:4)
  2 orc wizards
  Robin (D:2)
  8 gnolls
  11 adders
  A river rat (D:4)
  2 ufetubi (D:5)
  2 worms
  A dart slug (D:1)
  18 orcs
  10 endoplasms
  2 giant cockroaches (D:4)
  14 goblins
  11 hobgoblins
  7 jackals
  2 quokkas
  8 ball pythons
  4 bats
  7 frilled lizards
  9 kobolds
  11 rats
  A spectral orc (D:4)
159 creatures vanquished.

Vanquished Creatures (others)
  3 orcs (D:6)
  62 foxfires
65 creatures vanquished.

Grand Total: 224 creatures vanquished

Notes
Turn   | Place    | Note
-------+----------+-------------------------------------------
     0 | D:1      | Firecrotchwizard the Hill Orc Cinder Acolyte began the
                  | quest for the Orb.
     0 | D:1      | Reached XP level 1. HP: 19/19 MP: 2/2
   322 | D:1      | Reached XP level 2. HP: 26/27 MP: 3/3
   846 | D:2      | Reached skill level 5 in Axes
   846 | D:2      | Reached XP level 3. HP: 19/33 MP: 4/4
  1075 | D:2      | Noticed Robin
  1090 | D:2      | Killed Robin
  1107 | D:2      | Reached XP level 4. HP: 19/41 MP: 5/5
  1345 | D:2      | Found The Oracle's Delphic Readings.
  1722 | D:3      | Reached skill level 6 in Axes
  1871 | D:3      | Reached XP level 5. HP: 41/47 MP: 6/6
  1880 | D:3      | Reached skill level 5 in Fighting
  1909 | D:3      | Identified the +7 sling "Goblinslayer" {heavy, rC+ Will-
                  | Int+2 Dex+7}
  1921 | D:3      | Noticed a steam dragon
  1929 | D:3      | Killed a steam dragon
  1930 | D:3      | Reached skill level 7 in Axes
  1930 | D:3      | Reached XP level 6. HP: 48/56 MP: 7/7
  2126 | D:3      | Reached skill level 8 in Axes
  2272 | D:3      | Found an opulent altar of Gozag.
  2410 | D:3      | Found a sacrificial altar of Ru.
  2484 | D:4      | Reached XP level 7. HP: 48/63 MP: 8/8
  2844 | D:4      | Reached skill level 9 in Axes
  3057 | D:4      | Found Gizil's Distillery.
  3612 | D:4      | Found a basalt altar of Yredelemnul.
  3868 | D:5      | Entered Level 5 of the Dungeon
  4173 | D:5      | Found Luhul's Magic Scroll Shoppe.
  4181 | D:5      | Found a hazy altar of Hepliaklqana.
  4376 | D:5      | Found a sparkling altar of Nemelex Xobeh.
  4415 | D:5      | Reached skill level 10 in Axes
  4550 | D:5      | Noticed a kobold demonologist
  4550 | D:5      | Noticed a yak
  4555 | D:5      | Noticed a red devil
  4572 | D:5      | Killed a kobold demonologist
  4573 | D:5      | Reached XP level 8. HP: 53/73 MP: 9/9
  4581 | D:5      | Killed a yak
  4582 | D:5      | Reached skill level 11 in Axes
  4903 | D:5      | Found a shimmering altar of Xom.
  5079 | D:5      | Reached skill level 12 in Axes
  5092 | D:5      | Found a burning altar of Makhleb.
  5313 | D:6      | Found an ancient bone altar of Kikubaaqudgha.
  5340 | D:6      | Reached XP level 9. HP: 73/82 MP: 10/10
  5445 | D:2      | Bought a scroll of identify for 20 gold pieces
  5445 | D:2      | Bought a scroll of blinking for 75 gold pieces
  5445 | D:2      | Bought a scroll of enchant armour for 75 gold pieces
  5715 | D:6      | Fell from the grace of Ignis
  5715 | D:6      | Became a worshipper of Beogh the Brigand
  5731 | D:6      | Noticed Edmund
  5746 | D:6      | Killed Edmund
  6014 | D:6      | Found a staircase to the Ecumenical Temple.
  6148 | D:6      | HP: 2/82 [fire elemental[the fiery vengeance of Ignis] (9)]
  6149 | D:6      | Mangled by a fire elemental

Illustrated notes

Levels and vault maps discovered:
D:1:      lemuel_arrival_tunnels, layout_basic, dk_noncrumbling_3
D:2:      layout_rooms, interstate_on_off, nicolae_nh_oracle_at_delphi,
          uniq_robin
D:3:      layout_rooms, mainiacjoe_overflow_alcove_2,
          mainiacjoe_overflow_surrounded_room, st_stairs_4, chequers_jeans,
          minmay_bisected
D:4:      layout_loops_ring, yredelemnul_forgotten_temple_becter,
          nicolae_overflow_hidden_temple, serial_shops,
          nicolae_shop_temple_entry_statues_fountains,
          mainiacjoe_sewer_entry_somewhere_in_here_1, hellmonk_no_cap
D:5:      kennysheep_big_flooded_room, layout_basic, makhleb_grotto_becter,
          lemuel_coloured_pillars_altar, amcnicky_altar_gilded,
          mainiacjoe_overflow_boulevard, serial_shops, shop
D:6:      layout_layer_cave, overflow_temple_1_default,
          minmay_temple_entry_offerings, uniq_edmund

Skill      XL: |  1  2  3  4  5  6  7  8 |
---------------+-------------------------+-----
Fighting       | 4 5 6 7 8 |  8.8
Axes           | 5 6 7 8 10 12 | 12.8
Spellcasting   | |  1.1
Fire Magic     | |  3.4

Action                     |  1- 3 |  4- 6 |  7- 9 || total
---------------------------+-------+-------+-------++-------
  Melee: Hand axe          |    66 |       |       ||    66
         Spear             |    21 |   139 |   318 ||   478
 Invoke: Foxfire Swarm     |       |     2 |     2 ||     4
         Fiery Armour      |       |     1 |       ||     1
         Convert to Beogh  |       |       |     1 ||     1
    Use: Scroll            |       |       |    12 ||    12
         Potion            |       |       |     2 ||     2
   Stab: Sleeping          |       |       |     1 ||     1
 Armour: Robe              |    41 |       |       ||    41
         Leather armour    |    21 |    51 |       ||    72
         Steam dragon scal |       |    13 |   152 ||   165
  Dodge: Dodged            |    39 |    62 |   111 ||   212
  Block: Buckler           |     4 |    11 |    34 ||    49

Table legend: (Time is in decaauts)
 A = Elapsed time spent in this place.
 B = Non-inter-level travel time spent in this place.
 C = Inter-level travel time spent in this place.
 D = Time resting spent in this place.
 E = Time spent auto-exploring this place.
 F = Levels seen in this place.
 G = Mean time per level.
                   A        B        C        D        E       F      G
               +--------+--------+--------+--------+--------+-----+--------+
         Total |   6126 |   5805 |    321 |    558 |   4252 |   6 | 1021.0 |
       Dungeon |   6126 |   5805 |    321 |    558 |   4252 |   6 | 1021.0 |
               +--------+--------+--------+--------+--------+-----+--------+

Top non-repeatable levels by time:
     D:4: 1507 daAuts
     D:5: 1364 daAuts
     D:2: 907 daAuts
     D:1: 838 daAuts
     D:3: 771 daAuts
     D:6: 737 daAuts
